 Dungeon Crawl Stone Soup version 0.21.0-30-g47ce8e4cbb (webtiles) character file.

1312 Gargoyl the Chopper (level 8, 0/100 HPs)
             Began as a Centaur Abyssal Knight on Jan 29, 2018.
             Was an Elder of Lugonu.
             Slain by a wight
             ... wielding a cursed +4 scimitar
              (5 damage)
             ... on level 6 of the Dungeon.
             The game lasted 00:08:28 (5701 turns).

Gargoyl the Chopper (Centaur Abyssal Knight)        Turns: 5701, Time: 00:08:28

Health: 0/100      AC: 13    Str: 20    XL:     8   Next: 32%
Magic:  10/11      EV:  3    Int: 11    God:    Lugonu [****..]
Gold:   297        SH:  3    Dex: 16    Spells: 7/7 levels left

rFire    + . .     SeeInvis .   t - +0 war axe
rCold    . . .     Gourm    .   k - +0 buckler
rNeg     . . .     Faith    .   j - +0 plate armour
rPois    .         Spirit   .   v - +0 helmet
rElec    .         Reflect  .   m - +0 cloak
rCorr    .         Harm     .   f - +0 pair of gloves
MR       .....                  (no barding)
Stlth    ..........             (no amulet)
HPRegen  0.26/turn              u - +5 ring of dexterity
MPRegen  0.12/turn              y - ring of protection from fire

@: berserking (expiring), drained, very quick
A: large, hooves 3, deformed body, speed 2, tough skin 3
a: Depart the Abyss, Bend Space, Banish, Corrupt, Renounce Religion


You were on level 6 of the Dungeon.
You worshipped Lugonu.
Lugonu was greatly pleased with you.
You were hungry.

You visited 1 branch of the dungeon, and saw 6 of its levels.
You visited the Abyss 1 time.

You collected 297 gold pieces.

Inventory:

Hand Weapons
 a - a +2 hand axe
 t - a +0 war axe (weapon)
Armour
 f - a +0 pair of gloves (worn)
 j - a +0 plate armour (worn)
 k - a +0 buckler (worn)
 m - a +0 cloak (worn)
 v - a +0 helmet (worn)
Jewellery
 u - a +5 ring of dexterity (left hand)
 y - a ring of protection from fire (right hand)
Wands
 e - a wand of random effects (38)
 w - a wand of paralysis (11)
Scrolls
 d - a scroll of identify
 o - 2 scrolls of remove curse
 r - a scroll of amnesia
Potions
 b - a potion of magic
 g - a potion of agility
 i - 2 potions of might
 l - a potion of invisibility
 q - 2 potions of lignification
Books
 n - a book of Callings

   Spells                             Type                      Level
   a - Summon Small Mammal            Summoning                    1
   b - Call Imp                       Summoning                    2
   c - Call Canine Familiar           Summoning                    3
   d - Summon Guardian Golem          Hexes/Summoning              3
   e - Summon Lightning Spire         Summoning/Air                4
   f - Summon Ice Beast               Ice/Summoning                4
Comestibles
 c - 8 rations
 s - 2 chunks of flesh


   Skills:
 + Level 4.5(3.3) Fighting
 + Level 5.5(4.3) Axes
 * Level 4.6(3.4) Armour
 + Level 1.1(0.1) Dodging
 + Level 0.4(0.0) Shields
 * Level 5.0(3.9) Invocations
 + Level 0.3(0.0) Evocations


You had 7 spell levels left.
You didn't know any spells.

Dungeon Overview and Level Annotations

Branches:
Dungeon (6/15)
 Temple: D:4-7

Altars:


Innate Abilities, Weirdness & Mutations

You have hooves in place of feet.
Armour fits poorly on your strangely shaped body.
You cover ground very quickly.
You have extremely tough skin. (AC +3)


Message History

The wight hits you but does no damage.
The wight hits you from afar with a spear of freezing.
* * * LOW HITPOINT WARNING * * *
The wight freezes you.
* * * LOW HITPOINT WARNING * * *
The wight hits you but does no damage.
A wight comes into view. It is wielding an enchanted spear.
You barely miss the wight.
The wight is lightly damaged.
You hit the wight.
The wight hits you but does no damage. x2
You hit the wight. Your kick misses the wight.
The wight is heavily damaged.
You slash the wight! You hit the wight.
The wight hits you with an enchanted scimitar.
* * * LOW HITPOINT WARNING * * *
You feel drained.
The wight hits you but does no damage. x2
The wight hits you with an enchanted scimitar!
* * * LOW HITPOINT WARNING * * *
You feel drained.
You die...

# ###. #######
..... ......###
......#####..z@##
....?..<..#..z.z#
)...).###....z#.z.#
..............###.#
........##.?### .#
.......# ##.# # ..
.... #.. . ... ##.#
## <.


You could see 5 wights.

Vanquished Creatures
  The ghost of GuyWithAPlan the Destroyer, a novice TeAE (D:4)
  Grinder (D:6)
  A water moccasin (D:5)
  A phantom (D:4)
  An ice beast (D:5)
  An ogre (D:5)
  A scorpion (D:5)
  A jelly (D:6)
  A hound (D:4)
  An orc priest (D:4)
  A centaur skeleton (D:6)
  An orc wizard (D:5)
  Jessica (D:3)
  A worker ant (D:4)
  A hound zombie (D:5)
  4 gnolls
  7 adders
  An adder zombie (D:5)
  4 oozes
  3 worms
  4 dart slugs
  3 leopard geckos
  17 orcs
  4 ball pythons
  5 giant cockroaches
  5 goblins
  14 hobgoblins
  4 jackals (D:2)
  8 kobolds
  4 quokkas
  7 bats
  7 frilled lizards
  7 rats
123 creatures vanquished.

Vanquished Creatures (others)
  A lurking horror (Abyss:3)
1 creature vanquished.

Grand Total: 124 creatures vanquished

Notes
Turn   | Place    | Note
-------+----------+-------------------------------------------
     0 | Abyss:1  | Gargoyl the Centaur Abyssal Knight began the quest for the Orb.
     0 | Abyss:1  | Reached XP level 1. HP: 19/19 MP: 2/2
     6 | Abyss:1  | Found a corrupted altar of Lugonu.
    37 | Abyss:3  | Found a corrupted altar of Lugonu.
    58 | Abyss:3  | Found a transporter.
   173 | Abyss:3  | Found a corrupted altar of Lugonu.
   189 | Abyss:3  | Noticed a thrashing horror
   189 | D:1      | Escaped the Abyss
   453 | D:2      | Reached XP level 2. HP: 23/26 MP: 3/3
   499 | D:1      | Reached * piety under Lugonu
   749 | D:1      | Reached XP level 3. HP: 29/31 MP: 4/4
  1356 | D:2      | Reached XP level 4. HP: 24/38 MP: 6/6
  1390 | D:3      | Reached ** piety under Lugonu
  2128 | D:2      | Reached XP level 5. HP: 23/45 MP: 7/7
  2940 | D:3      | Noticed Jessica
  2948 | D:3      | Killed Jessica
  3898 | D:4      | Reached *** piety under Lugonu
  4046 | D:4      | Reached XP level 6. HP: 41/52 MP: 8/8
  4159 | D:4      | Noticed GuyWithAPlan's ghost (novice TeAE)
  4169 | D:4      | Killed GuyWithAPlan's ghost
  4169 | D:4      | Reached skill level 1 in Dodging
  4169 | D:4      | Reached XP level 7. HP: 44/58 MP: 8/10
  4827 | D:5      | Entered Level 5 of the Dungeon
  5160 | D:5      | Reached skill level 5 in Axes
  5327 | D:5      | Reached XP level 8. HP: 18/67 MP: 11/11
  5651 | D:6      | Noticed Grinder
  5663 | D:6      | Paralysed by Grinder for 5 turns
  5677 | D:6      | Killed Grinder
  5677 | D:6      | Reached skill level 5 in Invocations
  5697 | D:6      | Reached **** piety under Lugonu
  5701 | D:6      | HP: 5/100 [wight/enchanted scimitar (10)]
  5701 | D:6      | Slain by a wight

Skill      XL: |  1  2  3  4  5  6  7  8 |
---------------+-------------------------+-----
Axes           | 2 3 4 5 |  5.5
Armour         | 2 3 4 |  4.6
Invocations    | 3 4 5 |  5.0
Dodging        | 1 |  1.1
Fighting       | 4 |  4.5
Shields        | |  0.4
Evocations     | |  0.3

Action                   |  1- 3 |  4- 6 |  7- 9 || total
-------------------------+-------+-------+-------++-------
Melee: Hand axe          |    87 |   164 |    63 ||   314
       Kick              |    18 |    30 |    32 ||    80
       War axe           |       |       |    51 ||    51
Invok: Depart the Abyss  |     1 |       |       ||     1
       Bend Space        |       |       |     1 ||     1
Evoke: Wand              |       |       |     4 ||     4
  Use: Scroll            |     5 |     1 |    11 ||    17
       Potion            |     1 |     2 |     2 ||     5
 Stab: Paralysed         |       |       |     4 ||     4
  Eat: Chunk             |     1 |     7 |     4 ||    12
Armor: Leather armour    |    21 |       |       ||    21
       Plate armour      |    55 |   189 |   103 ||   347
Dodge: Dodged            |    29 |    20 |    13 ||    62
Block: Buckler           |       |     8 |    21 ||    29
